 Dungeon Sprint DCSS version 0.30.0-5-g1a98f26d00 (webtiles) character file.

Game seed: 10632412188805156547

6400000 Groucho the Intangible (level 25, -1/214 HPs)
             Began as a Djinni Gladiator on May 8, 2023.
             Was the Champion of Makhleb.
             Slain by a meat berserker
             ... wielding a +9 battleaxe
              (32 damage)
             ... in the Dungeon (Sprint VIII: "Arena of Blood").
             The game lasted 00:05:23 (64 turns).

Groucho the Intangible (Djinni Gladiator)             Turns: 64, Time: 00:05:23

Health: -1/214     AC:  8    Str: 13    XL:     25   Next: 25%
Gold:   0          EV: 38    Int: 11    God:    Makhleb [******] SH:  0 Dex: 26

rFire   + + .        k - +∞ Axe of Woe
rCold   x . .        (shield currently unavailable)
rNeg    . . .        b - +0 leather armour
rPois   ∞            c - +0 helmet
rElec   .            (no cloak)
rCorr   .            (no gloves)
SInv    .            (boots unavailable)
Will    ++...        (no amulet)
Stlth   ++           l - +30 ring of slaying
HPRegen 0.55/turn    (no ring)
MPRegen 0.00/turn

%: no teleportation, infuse magic (-2 HP)
@: flying, slowed, very slow
A: sickness immunity, fire resistance 2, cold vulnerability 1, float, innate
caster, HP casting, extra vitality 1
a: Renounce Religion, Minor Destruction, Lesser Servant of Makhleb, Major
Destruction, Greater Servant of Makhleb


You were in the Dungeon.
You worshipped Makhleb.
Makhleb was exalted by your worship.
You visited 1 branch

Inventory:

Hand Weapons
 a - a +0 war axe
 k - the +∞ Axe of Woe (weapon)
   (You found it in the Dungeon)
Missiles
 d - 3 throwing nets (quivered)
 e - a javelin
Armour
 b - a +0 leather armour (worn)
 c - a +0 helmet (worn)
Jewellery
 l - a +30 ring of slaying (left hand)
Scrolls
 j - a scroll of blinking
Potions
 f - a potion of curing
 h - a potion of haste
 i - a potion of berserk rage


   Skills:
 O Level 27 Fighting
 + Level 18.4(21.4) Short Blades
 + Level 18.4(21.3) Long Blades
 O Level 27 Axes
 + Level 16.9(25.7) Maces & Flails
 + Level 17.0(25.7) Polearms
 + Level 18.4(23.8) Staves
 + Level 17.0 Ranged Weapons
 O Level 27 Throwing
 O Level 27 Armour
 O Level 27 Dodging
 + Level 19.9 Shields
 + Level 19.9 Unarmed Combat
 O Level 27 Spellcasting
 O Level 27 Invocations
 + Level 19.9 Evocations


You knew the following spells:

 Your Spells              Type           Power      Damage    Failure   Level
a - Slow                  Hex            100%       N/A       0%          1
b - Searing Ray           Conj           100%       2d8       0%          2
c - Summon Guardian Gole  Hex/Summ       65%        N/A       0%          3
d - Call Canine Familiar  Summ           65%        N/A       0%          3
e - Manifold Assault      Tloc           65%        N/A       0%          4
f - Blade Hands           Tmut           32%        N/A       0%          5
g - Plasma Beam           Fire/Air       32%        2x1d50    0%          6
h - Haunt                 Necr/Summ      32%        N/A       1%          7
i - Death Channel         Necr           32%        N/A       0%          6
j - Orb of Destruction    Conj           32%        9d10      1%          7
k - Summon Horrible Thin  Summ           32%        N/A       1%          8
l - Dragon's Call         Summ           32%        N/A       3%          9
Your spell library was empty.

Dungeon Overview and Level Annotations

Branches:
Dungeon (1/1)

Altars:
Makhleb


Innate Abilities, Weirdness & Mutations

You are immune to sickness and miasma.
You are immune to poison.
Your flesh is very heat resistant. (rF++)
You are vulnerable to cold. (rC-)
You float through the air rather than walking.
You learn spells naturally, not from books.
Your magical power is your life essence.
You have superior vitality. (+4 MHP)


Message History

The tentacled monstrosity disappears in a puff of smoke!
The large abomination disappears in a puff of smoke!
You slice the bag of meat!!
You butcher the bag of meat messily.
You kill the bag of meat!
Makhleb accepts your kill.
You feel better.
You hit the large abomination.
You cleave the large abomination in twain.
You destroy the large abomination!
The large abomination disappears in a puff of smoke!
You hear a shout! x3
The tyrant mumbles some strange words.
The tyrant seems to speed up.
The accursed casts a spell at you. Something smites you!
You hear a shout! x2
Your base Short Blades skill increases to level 18!
Your base Long Blades skill increases to level 18!
Your base Polearms skill increases to level 17!
Your base Staves skill increases to level 18!
Your Ranged Weapons skill increases to level 17!
You chop the bag of meat into pieces!!!
You cleave the bag of meat in twain.
You kill the bag of meat!
Makhleb accepts your kill.
You feel better.
You slash the large abomination!
You slaughter the large abomination joyfully.
You destroy the large abomination!
The large abomination disappears in a puff of smoke!
The dread appears out of thin air!
A dread comes into view.
You hear a shout! x4
A bag of meat comes into view. It is wielding a +9 war axe.
You hear a shout! x6
The meat berserker hits you with a +9 battleaxe!!!!
* * * LOW HITPOINT WARNING * * *
The accursed gestures at you while chanting.
Something smites you!
* * * LOW HITPOINT WARNING * * *
You hear a shout! x3
The meat berserker hits you with a +9 battleaxe!!
You die...

... ..... #..
.§o# . #.. ...#
V ..###..
..§###V.
......###...O..
..o.)§_§§.o..
#))zO.# #_O@o§#
#)L))W#
...XOXLM_......
...o..X###......
..###.. ...###..
. #.. ...# . #..
...# ... .....
....


You could see an accursed, a tentacled monstrosity (summoned), 2 tyrants, a
destroyer, a sculptor of flesh, 2 large abominations, a dread, 4 meat berserkers
and 5 bags of meat.

Vanquished Creatures
  A hell beast (D)
  A royal mummy (D)
  10 vampire knights (D)
  15 ogres (D)
  3 two-headed ogres (D)
  A lich (D)
  A hydra (D)
  25 orcs (D)
  7 skeletal warriors (D)
64 creatures vanquished.

Vanquished Creatures (others)
  A two-headed ogre (D)
1 creature vanquished.

Grand Total: 65 creatures vanquished

Notes
Turn   | Place    | Note
-------+----------+-------------------------------------------
     0 | D        | Found the +∞ Axe of Woe
     0 | D        | Groucho the Djinni Gladiator began the quest for the Orb.
     0 | D        | Reached XP level 1. HP: 18/18 MP: 0/0
     4 | D        | Became a worshipper of Makhleb the Destroyer
     6 | D        | Noticed a bag of meat
     8 | D        | Noticed a meat berserker
     9 | D        | Killed a meat berserker
    10 | D        | Reached XP level 2. HP: 23/23 MP: 0/0
    10 | D        | Reached XP level 3. HP: 28/28 MP: 0/0
    10 | D        | Learned a level 1 spell: Slow
    10 | D        | Reached XP level 4. HP: 33/33 MP: 0/0
    10 | D        | Reached XP level 5. HP: 38/38 MP: 0/0
    10 | D        | Learned a level 2 spell: Searing Ray
    10 | D        | Reached XP level 6. HP: 43/43 MP: 0/0
    10 | D        | Reached XP level 7. HP: 49/49 MP: 0/0
    10 | D        | Learned a level 3 spell: Summon Guardian Golem
    10 | D        | Reached XP level 8. HP: 54/54 MP: 0/0
    10 | D        | Reached XP level 9. HP: 58/58 MP: 0/0
    10 | D        | Learned a level 3 spell: Call Canine Familiar
    10 | D        | Reached XP level 10. HP: 64/64 MP: 0/0
    10 | D        | Reached XP level 11. HP: 68/68 MP: 0/0
    10 | D        | Learned a level 4 spell: Manifold Assault
    10 | D        | Reached XP level 12. HP: 74/74 MP: 0/0
    12 | D        | Killed a bag of meat
    12 | D        | Reached * piety under Makhleb
    13 | D        | Reached XP level 13. HP: 78/78 MP: 0/0
    13 | D        | Learned a level 5 spell: Blade Hands
    13 | D        | Noticed a bag of meat
    16 | D        | Noticed a bag of meat
    16 | D        | Noticed a meat berserker
    17 | D        | Noticed a meat berserker
    18 | D        | Noticed a bag of meat
    20 | D        | Noticed a destroyer
    20 | D        | Noticed a large bag of meat
    20 | D        | Killed a bag of meat
    20 | D        | Killed a bag of meat
    20 | D        | Noticed a bag of meat
    21 | D        | Reached skill level 27 in Dodging
    21 | D        | Reached XP level 14. HP: 85/85 MP: 0/0
    21 | D        | Killed a large bag of meat
    21 | D        | Reached ** piety under Makhleb
    21 | D        | Killed a meat berserker
    21 | D        | Killed a bag of meat
    21 | D        | Noticed a meat berserker
    22 | D        | Reached skill level 27 in Axes
    22 | D        | Reached XP level 15. HP: 86/99 MP: 0/0
    22 | D        | Learned a level 6 spell: Plasma Beam
    22 | D        | Killed a meat berserker
    22 | D        | Reached *** piety under Makhleb
    23 | D        | Reached skill level 10 in Fighting
    23 | D        | Reached XP level 16. HP: 106/113 MP: 0/0
    23 | D        | Killed a destroyer
    24 | D        | Reached skill level 10 in Spellcasting
    25 | D        | Noticed a large bag of meat
    27 | D        | Killed a meat berserker
    27 | D        | Reached **** piety under Makhleb
    28 | D        | Reached skill level 15 in Armour
    28 | D        | Reached skill level 15 in Invocations
    28 | D        | Reached XP level 17. HP: 126/133 MP: 0/0
    28 | D        | Learned a level 7 spell: Haunt
    29 | D        | Noticed a meat berserker
    30 | D        | Killed a large bag of meat
    31 | D        | Noticed a sculptor of flesh
    31 | D        | Noticed a meat berserker
    33 | D        | Noticed a destroyer
    33 | D        | Reached ***** piety under Makhleb
    33 | D        | Noticed a large bag of meat
    34 | D        | Reached skill level 15 in Spellcasting
    34 | D        | Reached XP level 18. HP: 139/148 MP: 0/0
    35 | D        | Killed a meat berserker
    35 | D        | Killed a meat berserker
    36 | D        | Reached XP level 19. HP: 156/162 MP: 0/0
    36 | D        | Learned a level 6 spell: Death Channel
    36 | D        | Noticed a destroyer
    37 | D        | Killed a sculptor of flesh
    37 | D        | Noticed a destroyer
    38 | D        | Reached ****** piety under Makhleb
    39 | D        | Killed a destroyer
    39 | D        | Killed a destroyer
    39 | D        | Noticed an eight-headed meat hydra
    40 | D        | Reached XP level 20. HP: 174/179 MP: 0/0
    40 | D        | Killed a destroyer
    40 | D        | Noticed a destroyer
    41 | D        | Reached skill level 27 in Fighting
    41 | D        | Reached skill level 27 in Armour
    41 | D        | Reached skill level 27 in Invocations
    42 | D        | Killed a large bag of meat
    42 | D        | Killed a destroyer
    42 | D        | Noticed a destroyer
    42 | D        | Noticed a meat berserker
    43 | D        | Reached skill level 27 in Spellcasting
    43 | D        | Reached skill level 15 in Throwing
    43 | D        | Reached XP level 21. HP: 172/187 MP: 0/0
    43 | D        | Learned a level 7 spell: Orb of Destruction
    43 | D        | Noticed a meat berserker
    44 | D        | Killed a destroyer
    44 | D        | Noticed a destroyer
    44 | D        | Noticed a destroyer
    46 | D        | Noticed a destroyer
    46 | D        | Noticed a destroyer
    47 | D        | Killed a meat berserker
    47 | D        | Killed a destroyer
    47 | D        | Noticed a meat berserker
    48 | D        | Reached XP level 22. HP: 89/194 MP: 0/0
    48 | D        | Noticed a meat berserker
    49 | D        | Killed a meat berserker
    49 | D        | Noticed a meat berserker
    49 | D        | Noticed a tyrant
    49 | D        | Noticed a meat berserker
    49 | D        | Noticed a meat berserker
    50 | D        | Reached skill level 27 in Throwing
    50 | D        | Reached skill level 1 in Short Blades
    50 | D        | Reached skill level 1 in Long Blades
    50 | D        | Reached skill level 1 in Maces & Flails
    50 | D        | Reached skill level 1 in Polearms
    50 | D        | Reached skill level 1 in Staves
    50 | D        | Reached skill level 1 in Ranged Weapons
    50 | D        | Reached skill level 1 in Shields
    50 | D        | Reached skill level 1 in Unarmed Combat
    50 | D        | Reached skill level 1 in Evocations
    50 | D        | Noticed an accursed
    51 | D        | Noticed a meat berserker
    51 | D        | Noticed a tyrant
    52 | D        | Killed a destroyer
    53 | D        | Reached skill level 5 in Short Blades
    53 | D        | Reached skill level 5 in Long Blades
    53 | D        | Reached skill level 5 in Maces & Flails
    53 | D        | Reached skill level 5 in Polearms
    53 | D        | Reached skill level 5 in Staves
    53 | D        | Reached skill level 5 in Ranged Weapons
    53 | D        | Killed a destroyer
    53 | D        | Killed a meat berserker
    54 | D        | Killed a meat berserker
    54 | D        | Noticed an accursed
    55 | D        | Reached skill level 10 in Shields
    55 | D        | Reached skill level 10 in Unarmed Combat
    55 | D        | Reached skill level 10 in Evocations
    55 | D        | Reached XP level 23. HP: 126/201 MP: 0/0
    55 | D        | Learned a level 8 spell: Summon Horrible Things
    55 | D        | Killed a destroyer
    56 | D        | Reached skill level 10 in Maces & Flails
    56 | D        | Reached skill level 10 in Polearms
    56 | D        | Reached skill level 10 in Ranged Weapons
    57 | D        | Killed a large bag of meat
    58 | D        | Noticed a meat beast
    58 | D        | Noticed a destroyer
    59 | D        | Killed a meat beast
    59 | D        | Killed an accursed
    60 | D        | Reached XP level 24. HP: 68/208 MP: 0/0
    61 | D        | Noticed a tyrant
    62 | D        | Reached XP level 25. HP: 74/214 MP: 0/0
    62 | D        | Learned a level 9 spell: Dragon's Call
    63 | D        | Killed a tyrant
    64 | D        | Slain by a meat berserker

Illustrated notes

Levels and vault maps discovered:
D:        meatsprint

Skill      XL: |  1  2  3  4  5  6  7  8  9 10 11 12 13 14 15 16 17 18 19 20 21 22 23 24 25 |
---------------+----------------------------------------------------------------------------+-----
Axes           | 17 19 21 27 | 27.0
Dodging        | 22 24 27 | 27.0
Fighting       | 6 10 16 19 22 26 27 | 27.0
Armour         | 6 9 15 19 22 26 27 | 27.0
Spellcasting   | 4 7 12 15 18 21 27 | 27.0
Invocations    | 6 9 15 19 22 26 27 | 27.0
Throwing       | 15 26 27 | 27.0
Short Blades   | 9 17 18 | 18.4
Long Blades    | 9 17 18 | 18.4
Maces & Flails | 8 16 | 16.9
Polearms       | 8 16 17 | 17.0
Staves         | 9 17 18 | 18.4
Ranged Weapons | 8 16 17 | 17.0
Shields        | 10 18 19 | 19.9
Unarmed Combat | 10 18 19 | 19.9
Evocations     | 10 18 19 | 19.9

Action                     |  1- 3 |  4- 6 |  7- 9 | 10-12 | 13-15 | 16-18 | 19-21 | 22-24 | 25-27 || total
---------------------------+-------+-------+-------+-------+-------+-------+-------+-------+-------++-------
  Melee: Executioner's axe |     1 |       |       |     1 |     3 |     7 |     9 |    14 |     3 ||    38
   Cast: Manifold Assault  |       |       |       |       |       |       |       |     1 |       ||     1
    Use: Potion            |       |       |       |       |       |       |     1 |       |       ||     1
